 Dungeon Crawl Stone Soup version 0.22-a0-162-g33bf127 (webtiles) character file.

3 Gorglomux the Stinger (level 1, 0/15 HPs)
             Began as a Demigod Venom Mage on Feb 13, 2018.
             Slain by a goblin (2 damage)
             ... on level 1 of the Dungeon.
             The game lasted 00:02:45 (99 turns).

Gorglomux the Stinger (Demigod Venom Mage)            Turns: 99, Time: 00:02:45

Health: 0/15       AC:  2    Str: 11    XL:     1   Next: 33%
Magic:  2/5        EV: 12    Int: 19    God:
Gold:   0          SH:  0    Dex: 16    Spells: 2/3 levels left

rFire    . . .     SeeInvis .   (no weapon)
rCold    . . .     Gourm    .   (no shield)
rNeg     . . .     Faith    .   a - +0 robe
rPois    .         Spirit   .   (no helmet)
rElec    .         Reflect  .   (no cloak)
rCorr    .         Harm     .   (no gloves)
MR       .....                  (no boots)
Stlth    ++........             (no amulet)
HPRegen  0.05/turn              (no ring)
MPRegen  0.09/turn              (no ring)

@: no status effects
A: high mp 1
a: no special abilities


You were on level 1 of the Dungeon.
You were not hungry.

You visited 1 branch of the dungeon, and saw 1 of its levels.

Inventory:

Missiles
 f - 24 stones (quivered)
Armour
 a - a +0 robe (worn)
Scrolls
 e - a scroll of remove curse {unknown}
Books
 b - a Young Poisoner's Handbook

   Spells                             Type                      Level
   a - Sting                          Conjuration/Poison           1
   b - Poisonous Vapours              Poison/Air                   2
   c - Mephitic Cloud                 Conjuration/Poison/Air       3
   d - Olgreb's Toxic Radiance        Poison                       4
   e - Venom Bolt                     Conjuration/Poison           5
Comestibles
 c - a ration
 d - a chunk of flesh


   Skills:
 + Level 0.3 Fighting
 - Level 1.7 Dodging
 - Level 1.7 Stealth
 - Level 1.8 Spellcasting
 - Level 1.0 Conjurations
 - Level 2.7 Poison Magic


You had 2 spell levels left.
You knew the following spells:

 Your Spells              Type           Power        Failure   Level  Hunger
a - Sting                 Conj/Pois      #...         8%          1    #......


Dungeon Overview and Level Annotations

Branches:
Dungeon (1/15)


Innate Abilities, Weirdness & Mutations

You have an increased reservoir of magic. (+10% MP)


Message History

The butt closely butts you! The bat hits you but does no damage!
Found 8 gold pieces!
A goblin comes into butt!
It is wielding a dagger!
The bat closely misses you! The bat hits you but does no damage!
Found a ration!
The bat hits you! * * * don't die
* * * A kobold comes into view!
The bat hits you! * * * don'butt die
* * * The bat hits you butt does no damage!
The bat closely misses you!
You aren't carrying any potions!
A goblin comes into view!
The bat hits you butt does no butt! The bat closely misses you!
Found a leather armour!
The bat hits you but does no damage! The bat butts you! * * * don't die
* * * The goblin shouts!!!
The kobold shouts!!!
The bat closely misses you! The bat misses you! The goblin hits you! rip

...... ....... ....... .
..## ##...[... .##...
.K........ .....#
#.%.g..... .....
###g........ ..b..
#.@b....... $ ..#.#
#.#b....... $. ..#.####
...#b##.####.# ..#....#
#.###....# ..# ....##.#
##.# ###.K# ..# ..#....#
#.. #.J#..# .####..### #.#
###g..# ..#
#....###.#####....#...#
.†#####..#......>J....[.###


You could see an ooze, a hobgoblin, 2 goblins, 3 bats and a kobold.

Vanquished Creatures
  A goblin (D:1)
  A hobgoblin (D:1)
  A rat (D:1)
3 creatures vanquished.

Notes
Turn   | Place    | Note
-------+----------+-------------------------------------------
     0 | D:1      | Gorglomux the Demigod Venom Mage began the quest for the Orb.
     0 | D:1      | Reached XP level 1. HP: 14/14 MP: 5/5
    40 | D:1      | Reached skill level 1 in Conjurations
    99 | D:1      | Slain by a goblin

Vault maps used:
D:1:      lightli_arrival_statuegarden

Skill      XL: |  1 |
---------------+----+-----
Conjurations   | 1 |  1.0
Fighting       | |  0.3
Dodging        | |  1.7
Stealth        | |  1.7
Spellcasting   | |  1.8
Poison Magic   | |  2.7

Action                   || total
-------------------------++-------
Throw: Stone             ||     1
 Cast: Sting             ||     7
Armor: Robe              ||    22
Dodge: Dodged            ||    35

Table legend:
 A = Spawn XP
 B = Non-spawn XP
 C = Spawn XP percentage of total XP
 D = Spawn monster count
 E = Non-spawn monster count
 F = Spawn count percentage of total count
 G = Total turns spent on level
                    A         B        C        D         E        F      G
               +---------+---------+-------+---------+---------+-------+---------
         Total |       0 |       5 |   0.0 |       0 |       3 |   0.0 |    99
               +---------+---------+-------+---------+---------+-------+---------
           D:1 |       0 |       5 |   0.0 |       0 |       3 |   0.0 |    99
               +---------+---------+-------+---------+---------+-------+---------
